 Dungeon Crawl Stone Soup version 0.19-a0-1170-g18f0c96 (webtiles) character file.

9373 4thArraOfDagon the Brawler (level 11, -2/93 HPs)
             Began as a Troll Artificer on Aug 16, 2016.
             Was a Believer of Sif Muna.
             Slain by an eight-headed hydra (12 damage)
             ... on level 12 of the Dungeon.
             The game lasted 00:18:54 (4039 turns).

4thArraOfDagon the Brawler (Troll Artificer)        Turns: 4039, Time: 00:18:55

Health: -2/93      AC:  8    Str: 22    XL:     11   Next: 22%
Magic:  11/11      EV: 10    Int: 10    God:    Sif Muna [**....]
Gold:   407        SH:  0    Dex: 10    Spells: 3 memorised, 3 levels left

rFire  . . .     SeeInvis .       - Unarmed
rCold  . . .     Gourm    +     y - +2 robe {rN+}
rNeg   + . .     Faith    .     (no shield)
rPois  .         Spirit   .     (helmet restricted)
rElec  .         Dismiss  .     j - +0 cloak
rCorr  .         Reflect  .     (gloves unavailable)
MR     +....     Harm     .     (boots unavailable)
Stlth  +.........               (no amulet)
                                (no ring)
                                g - ring of wizardry

@: divine energy
A: unfitting armour, claws 3, blurry vision 1, fast metabolism 3, gourmand,
magic resistance 1, regeneration 2, shaggy fur 1, tough skin 2
a: Stop Divine Energy, Renounce Religion


You were on level 12 of the Dungeon.
You worshipped Sif Muna.
Sif Muna was pleased with you.
You were very full.

You visited 1 branch of the dungeon, and saw 13 of its levels.

You collected 617 gold pieces.
You spent 210 gold pieces at shops.

Inventory:

Hand Weapons
 H - a +0 giant spiked club
Missiles
 s - 9 large rocks (quivered)
Armour
 b - a +0 robe
 j - a +0 cloak (worn)
 y - a +2 robe of positive energy (worn)
Jewellery
 g - a ring of wizardry (left claw)
Wands
 c - a wand of flame (5/48)
 d - a wand of enslavement (2/24)
 e - a wand of random effects (5/48)
 t - a wand of digging (13/24)
 v - a wand of teleportation (2/9)
 x - a wand of digging (11/24)
 I - a wand of paralysis (8/24)
 K - a wand of lightning (4/15)
Scrolls
 i - 3 scrolls of amnesia
 l - 3 scrolls of blinking {unknown}
 m - a scroll of noise {unknown}
 n - a scroll of magic mapping
 z - a scroll of acquirement {unknown}
 B - 2 scrolls of recharging {unknown}
 C - 2 scrolls of remove curse {unknown}
 D - a scroll of silence {unknown}
 G - a scroll of enchant weapon {unknown}
 J - a scroll of holy word {unknown}
Potions
 h - a potion of magic {unknown}
 k - a potion of invisibility
 o - 3 potions of berserk rage {unknown}
 p - a potion of might {unknown}
 u - a potion of haste {unknown}
 A - a potion of resistance {unknown}
 E - a potion of cure mutation
 F - 2 potions of agility {unknown}
Books
 w - a book of Spatial Translocations

   Spells                             Type                      Level
   a - Apportation                    Translocation                1
   b - Blink                          Translocation                2
   c - Shroud of Golubria             Charms/Translocation         2
   d - Portal Projectile              Translocation                3
   e - Teleport Other                 Translocation                3
   f - Passage of Golubria            Translocation                4
Comestibles
 a - 4 fruits
 f - 4 bread rations
 q - 2 slices of pizza
 r - 6 meat rations


   Skills:
 + Level 2.1 Fighting
   Level 0.7 Short Blades
 + Level 2.5 Dodging
 - Level 0.4 Stealth
 - Level 16.0 Unarmed Combat
 + Level 2.0 Invocations
 - Level 2.1 Evocations


You had 3 spell levels left.
You knew the following spells:

 Your Spells              Type           Power        Failure   Level  Hunger
a - Blink                 Tloc           N/A          30%         2    ###....
b - Apportation           Tloc           #.........   16%         1    ##.....
c - Passage of Golubria   Tloc           N/A          97%         4    #####..


Dungeon Overview and Level Annotations

Branches:
Dungeon (13/15)            Temple (0/1) D:7             Orc (0/2) D:12
   Lair: D:8-11      Vaults: D:13-14

Altars:
Cheibriados
Gozag
Sif Muna
Uskayaw
Vehumet
Yredelemnul
Zin

Shops:
D:6 }

Annotations:
D:10 exclusion: downstairs


Innate Abilities, Weirdness & Mutations

You are too large for most types of armour.
You have claws for hands.
Your metabolism is lightning-fast.
You like to eat raw meat.
You heal very quickly.
You are covered in fur. (AC +1)
You have very tough skin. (AC +2)
Scrolls take you a little longer to read.
You are resistant to hostile enchantments. (MR+)


Message History

An eight-headed hydra comes into view.
The eight-headed hydra bites you.
The eight-headed hydra closely misses you.
The eight-headed hydra barely misses you.
The eight-headed hydra closely misses you.
The eight-headed hydra bites you! x2; The eight-headed hydra bites you.
The eight-headed hydra bites you!
Found an encrusted steel ring.
Unknown command.
Enter note: :LOl
Enter note: RIP The eight-headed hydra closely misses you.
The eight-headed hydra bites you.
The eight-headed hydra closely misses you.
The eight-headed hydra bites you. The eight-headed hydra bites you! x2
* * * LOW HITPOINT WARNING * * *
The eight-headed hydra bites you!
* * * LOW HITPOINT WARNING * * *
The eight-headed hydra bites you!
You die...

#)...##..............#..#..
##.### #.............###... #..#
#..............###.. ######.##
#..............# ##. ##..##..#
#..........=...# #. #....#.##
##.............# #( #....#.#
#.............# #. #......#
##.D...........# ## #.....##
###..@...........# ##....#
##.....###........# #....#
##.....## #######.##
#.#..####......### ## ####
###..##..........#### ##...
#..#..............#### #....
####.........#..........## #.^..
#........................# ##....
#####.......#............###.....


You could see an eight-headed hydra.

Vanquished Creatures
  3 hill giants (D:10)
  Pikel (D:8)
  3 ugly things (D:11)
  2 cyclopes
  Maurice (D:10)
  A troll (D:11)
  5 yaks (D:12)
  A hungry ghost (D:11)
  A mottled dragon (D:13)
  A warg (D:12)
  A water moccasin (D:10)
  4 orc warriors
  3 ice beasts
  2 wasps
  4 phantoms
  2 ogres (D:4)
  A centaur (D:10)
  A crocodile (D:12)
  A big kobold (D:10)
  4 giant frogs
  A wyvern skeleton (D:12)
  4 scorpions
  4 wights (D:10)
  A howler monkey (D:13)
  A jelly (D:10)
  5 crimson imps
  A centaur skeleton (D:8)
  6 hounds
  5 orc priests
  A giant frog skeleton (D:9)
  5 orc wizards
  2 worker ants
  3 iguanas
  3 sheep (D:13)
  A hound zombie (D:11)
  3 hound skeletons
  Robin (D:3)
  2 river rats (D:11)
  6 adders
  An ooze (D:7)
  8 dart slugs (D:4)
  3 giant geckos
  19 orcs
  3 giant cockroaches
  14 goblins
  2 hobgoblins (D:3)
  8 jackals
  3 quokkas
  8 bats
  A giant newt (D:3)
  8 kobolds
  16 rats
191 creatures vanquished.

Vanquished Creatures (collateral kills)
  A hill giant (D:11)
  A hound (D:11)
2 creatures vanquished.

Vanquished Creatures (others)
  A slave (D:7)
  A worker ant (D:7)
  A jackal zombie (D:7)
  A fungus (D:11)
4 creatures vanquished.

Grand Total: 197 creatures vanquished

Notes
Turn   | Place    | Note
-------+----------+-------------------------------------------
     0 | D:1      | 4thArraOfDagon the Troll Artificer began the quest for the Orb.
     0 | D:1      | Reached XP level 1. HP: 18/18 MP: 1/1
     0 | D:1      | jacquesderrida: You got BLASTERED yooooooo
    13 | D:1      | jacquesderrida: Yoooo....
   135 | D:2      | Reached skill level 1 in Unarmed Combat
   155 | D:2      | Found a radiant altar of Vehumet.
   205 | D:2      | Found a deep blue altar of Sif Muna.
   213 | D:2      | Became a worshipper of Sif Muna the Loreminder
   216 | D:2      | Reached XP level 2. HP: 26/26 MP: 2/2
   319 | D:3      | Reached skill level 2 in Unarmed Combat
   349 | D:3      | Reached XP level 3. HP: 32/32 MP: 3/3
   417 | D:3      | Reached skill level 3 in Unarmed Combat
   484 | D:4      | Found a hide-covered altar of Uskayaw.
   512 | D:4      | Reached XP level 4. HP: 24/40 MP: 4/4
   558 | D:4      | Noticed an ogre
   569 | D:4      | Killed an ogre
   569 | D:4      | Reached skill level 5 in Unarmed Combat
   569 | D:4      | Reached XP level 5. HP: 46/46 MP: 5/5
   578 | D:4      | Noticed an ogre
   581 | D:4      | Killed an ogre
   711 | D:4      | Reached skill level 6 in Unarmed Combat
   711 | D:4      | Reached XP level 6. HP: 28/54 MP: 6/6
   777 | D:5      | Entered Level 5 of the Dungeon
   858 | D:3      | Noticed Robin
   898 | D:3      | Killed Robin
   935 | D:3      | Reached skill level 7 in Unarmed Combat
   949 | D:2      | Found a snail-covered altar of Cheibriados.
  1066 | D:6      | jacquesderrida: >>>>>>>>>>>>>>>>>>>sif muner
  1083 | D:6      | jacquesderrida: oiiiiii men
  1088 | D:6      | Reached XP level 7. HP: 59/61 MP: 7/7
  1099 | D:6      | Found Reingyly's Gadget Emporium.
  1121 | D:6      | Bought a wand of teleportation (3/9) for 210 gold pieces
  1157 | D:6      | Learned a level 2 spell: Blink
  1159 | D:6      | Learned a level 1 spell: Apportation
  1172 | D:6      | jacquesderrida: Nois
  1330 | D:7      | Reached skill level 8 in Unarmed Combat
  1355 | D:7      | Found a staircase to the Ecumenical Temple.
  1379 | D:7      | Reached * piety under Sif Muna
  1411 | D:7      | Noticed Pikel
  1413 | D:7      | jacquesderrida: Popel
  1420 | D:7      | Reached skill level 9 in Unarmed Combat
  1434 | D:7      | jacquesderrida: wot....
  1446 | D:7      | jacquesderrida: ayyyy lmao
  1458 | D:7      | jacquesderrida: ATTACJ POPER
  1564 | D:8      | Reached XP level 8. HP: 61/68 MP: 8/8
  1639 | D:8      | Killed Pikel
  1639 | D:8      | Reached skill level 10 in Unarmed Combat
  1684 | D:8      | Found an opulent altar of Gozag.
  1685 | D:8      | Found a glowing silver altar of Zin.
  1768 | D:8      | Learned a level 4 spell: Passage of Golubria
  1844 | D:9      | Reached skill level 11 in Unarmed Combat
  2104 | D:9      | Reached XP level 9. HP: 75/75 MP: 9/9
  2130 | D:10     | Entered Level 10 of the Dungeon
  2130 | D:10     | Noticed a hill giant
  2139 | D:10     | Killed a hill giant
  2139 | D:10     | Reached skill level 12 in Unarmed Combat
  2359 | D:11     | Noticed a six-headed hydra
  2362 | D:11     | Noticed a red ugly thing
  2452 | D:10     | Noticed Maurice
  2469 | D:10     | Killed Maurice
  2469 | D:10     | Reached skill level 13 in Unarmed Combat
  2493 | D:10     | Noticed a hill giant
  2493 | D:10     | Noticed a hill giant
  2520 | D:10     | Killed a hill giant
  2598 | D:10     | Killed a hill giant
  2598 | D:10     | Reached XP level 10. HP: 62/83 MP: 10/10
  2703 | D:10     | Reached skill level 14 in Unarmed Combat
  2756 | D:11     | Noticed a brown ugly thing
  2765 | D:11     | Killed a brown ugly thing
  2846 | D:13     | Noticed a deep elf mage
  2905 | D:11     | Noticed a hill giant
  2905 | D:11     | Noticed a purple ugly thing
  2919 | D:11     | Killed a hill giant
  2932 | D:11     | Killed a purple ugly thing
  2932 | D:11     | Reached skill level 15 in Unarmed Combat
  3173 | D:11     | Killed a red ugly thing
  3182 | D:11     | Gained mutation: Scrolls take you a little longer to read. [mutagenic meat]
  3185 | D:11     | Gained mutation: You are resistant to hostile enchantments. (MR+) [mutagenic meat]
  3448 | D:12     | Found a basalt altar of Yredelemnul.
  3526 | D:12     | Found a staircase to the Orcish Mines.
  3547 | D:12     | Noticed a cyclops
  3583 | D:12     | Killed a cyclops
  3583 | D:12     | Reached XP level 11. HP: 64/89 MP: 11/11
  3661 | D:12     | Reached ** piety under Sif Muna
  3661 | D:12     | Reached skill level 16 in Unarmed Combat
  3667 | D:12     | Reached skill level 1 in Fighting
  3687 | D:12     | Reached skill level 1 in Invocations
  3965 | D:13     | Noticed a griffon
  4002 | D:12     | Noticed an orc knight
  4004 | D:12     | Noticed a green ugly thing
  4033 | D:12     | Noticed an eight-headed hydra
  4034 | D:12     | :LOl
  4034 | D:12     | RIP
  4039 | D:12     | Slain by an eight-headed hydra

Vault maps used:
D:1:      dpeg_arrival_water_altar
D:2:      fiery_altar_vehumet, nicolae_overflow_hidden_temple,
          lemuel_doored_altar, overflow_temple_1_default,
          lemuel_zombie_altar_yredelemnul, old_standard_altar,
          kennysheep_okawaru_gauntlet, minmay_domino_2
D:3:      marbit_many_paths, minmay_misc_feat_diagonals, uniq_robin
D:4:      kennysheep_slugbush, nicolae_overflow_crystal_walls,
          roderic_greek_sauvastika, minmay_misc_feat_encased
D:5:      first_bread
D:6:      serial_shops, shop_coins, kennysheep_generic_room_5
D:7:      lemuel_coloured_pillars_altar, uniq_pikel
D:8:      grunt_temple_overflow_gold_and_silver, uniq_psyche
D:9:      grunt_ogre_cave
D:10:     uniq_maurice
D:11:     grunt_lair_entry_orc_guard_hut, evilmike_minifort
D:12:     david_orc_3, basic_altar
D:13:     serial_shops, shop

Skill      XL: |  1  2  3  4  5  6  7  8  9 10 11 |
---------------+----------------------------------+-----
Unarmed Combat | 1 2 3 5 6 7 9 11 13 15 16 | 16.0
Fighting       | 2 |  2.1
Dodging        | 2 |  2.5
Invocations    | 2 |  2.0
Short Blades   | |  0.7
Stealth        | |  0.4
Evocations     | |  2.1

Action                   |  1- 3 |  4- 6 |  7- 9 | 10-12 || total
-------------------------+-------+-------+-------+-------++-------
Melee: Unarmed           |    74 |   114 |   179 |   193 ||   560
       Short sword       |     1 |       |       |       ||     1
       Punch             |       |     3 |     4 |    17 ||    24
Throw: Large rock        |       |       |       |     3 ||     3
Invok: Divine Energy     |       |       |     1 |       ||     1
Evoke: Wand              |       |     4 |    12 |    22 ||    38
  Use: Scroll            |       |       |     6 |     1 ||     7
       Potion            |       |       |       |     1 ||     1
 Stab: Paralysed         |       |       |       |     5 ||     5
  Eat: Chunk             |     7 |     7 |    10 |    22 ||    46
Armor: Robe              |    31 |    40 |    53 |    44 ||   168
Dodge: Dodged            |    45 |    58 |    62 |    53 ||   218
